 Dungeon Crawl Stone Soup version 0.29.0-4-gdea44cf6ec (webtiles) character file.

Game seed: 5339220558113544592

221052 Lochraine the Severer (level 18, -48/168 HPs)
             Began as a Hill Orc Monk on Aug 27, 2022.
             Was the Champion of Beogh.
             Killed from afar by an ice dragon (61 damage)
             ... with a blast of cold
             ... while paralysed by a vampire knight
             ... on level 1 of the Depths.
             The game lasted 02:06:12 (32587 turns).

Lochraine the Severer (Hill Orc Monk)              Turns: 32587, Time: 02:06:12

Health: -48/168    AC: 26    Str: 20    XL:     18   Next: 70%
Magic:  0/29       EV:  2    Int: 15    God:    Beogh [******]
Gold:   1112       SH:  0    Dex: 13    Spells: 22/24 levels left

rFire   + + .      SeeInvis .   x - +11 broad axe of the Scroll {elec, Stlth+}
rCold   x . .      Faith    .   n - +8 tower shield of Beauty {rF+ rN++ Str-4 Stlth+}
rNeg    + + .      Spirit   +   j - +1 chain mail {rF+}
rPois   +          Reflect  .   S - +2 helmet {Int+3}
rElec   .          Harm     .   w - +2 cloak "Qaasoubb" {Regen+ Str+4}
rCorr   +          Rampage  .   V - +0 pair of gloves of the Gate {Fly rPois rC- Regen+}
Will    +....                   y - +2 pair of boots
Stlth   +++.......              Q - amulet of guardian spirit
HPRegen 1.98/turn               H - +4 ring of slaying
MPRegen 0.21/turn               g - ring of resist corrosion

@: paralysed, flying
A: walk on water
}: 2/15 runes: decaying, serpentine
a: Renounce Religion, Smiting, Recall Orcish Followers, Give Item to Named
Follower, Resurrection


You were on level 1 of the Depths.
You worshipped Beogh.
Beogh was exalted by your worship.
You visited 6 branches of the dungeon, and saw 31 of its levels.

You collected 2826 gold pieces.
You spent 1714 gold pieces at shops.

Inventory:

Hand Weapons
 d - the +8 lance "Wyrmbane" {slay drac, rPois rF+ rC+ AC+3}
   (You found it on level 1 of the Depths)

   It inflicts extra damage against dragons and draconians.
   AC:        It affects your AC (+3).
   rF:        It protects you from fire.
   rC:        It protects you from cold.
   rPois:     It protects you from poison.
 x - the +11 broad axe of the Scroll (weapon) {elec, Stlth+}
   (You acquired it on level 2 of the Lair of Beasts)

   It occasionally discharges a powerful burst of electricity upon striking a
   foe.
   Stlth:     It makes you more stealthy.
 D - a +4 demon trident of pain
   (You found it on level 1 of the Depths)
 R - the +9 triple sword "Kuzyall" {vorpal, rCorr}
   (You took it off a hell knight on level 1 of the Depths)

   It inflicts extra damage upon your enemies.
   rCorr:     It protects you from acid and corrosion.
Armour
 j - a +1 chain mail of fire resistance (worn)
   (You found it on level 11 of the Dungeon)
 n - the +8 tower shield of Beauty (worn) {rF+ rN++ Str-4 Stlth+}
   (You took it off Louise on level 1 of the Swamp)

   Str:       It affects your strength (-4).
   rF:        It protects you from fire.
   rN:        It greatly protects you from negative energy.
   Stlth:     It makes you more stealthy.
 w - the +2 cloak "Qaasoubb" (worn) {Regen+ Str+4}
   (You found it on level 2 of the Lair of Beasts)

   Str:       It affects your strength (+4).
   Regen:     It increases your rate of health regeneration.
 y - a +2 pair of boots (worn)
   (You bought it in a shop on level 2 of the Orcish Mines)
 S - a +2 helmet of intelligence (worn)
   (You bought it in a shop on level 2 of the Orcish Mines)
 V - the +0 pair of gloves of the Gate (worn) {Fly rPois rC- Regen+}
   (You found it on level 10 of the Dungeon)

   rC:        It makes you vulnerable to cold.
   rPois:     It protects you from poison.
   Fly:       It grants you flight.
   Regen:     It increases your rate of health regeneration.
Jewellery
 g - a ring of resist corrosion (right hand)
   (You found it on level 5 of the Lair of Beasts)
 s - a ring of poison resistance
   (You found it on level 2 of the Dungeon)
 G - a ring of protection from fire
   (You found it on level 6 of the Dungeon)
 H - a +4 ring of slaying (left hand)
   (You found it on level 6 of the Dungeon)
 Q - an amulet of guardian spirit (around neck)
   (You found it on level 8 of the Dungeon)
Wands
 b - a wand of mindburst (6)
   (You found it on level 2 of the Lair of Beasts)
 t - a wand of flame (43)
   (You found it on level 12 of the Dungeon)
 E - a wand of quicksilver (13)
   (You took it off a kobold on level 4 of the Dungeon)
 I - a wand of charming (34)
   (You found it on level 6 of the Dungeon)
 L - a wand of polymorph (29)
   (You took it off an orc on level 7 of the Dungeon)
 M - a wand of iceblast (20)
   (You found it on level 7 of the Dungeon)
 Y - a wand of digging (13)
   (You found it on level 10 of the Dungeon)
Scrolls
 e - 4 scrolls of enchant armour
 i - 4 scrolls of enchant weapon
 l - 3 scrolls of brand weapon
 m - 4 scrolls of poison
 p - 4 scrolls of immolation {!r}
 z - 3 scrolls of vulnerability {!r}
 A - 3 scrolls of fog
 C - 3 scrolls of magic mapping
 K - 4 scrolls of silence
 P - a scroll of summoning
 T - 2 scrolls of fear
 U - 5 scrolls of amnesia
 W - 3 scrolls of blinking
 X - 9 scrolls of teleportation {@r4}
Potions
 c - 3 potions of ambrosia
 h - 19 potions of curing {@q1}
 k - 6 potions of lignification {!q}
 o - 5 potions of attraction {!q}
 q - a potion of brilliance
 r - 6 potions of might
 u - 4 potions of haste {@q3}
 v - 4 potions of resistance
 B - 4 potions of mutation {!q}
 F - 5 potions of invisibility
 J - a potion of berserk rage
 N - a potion of magic
 O - 2 potions of cancellation
 Z - 8 potions of heal wounds {@q2}
Miscellaneous
 a - a phantom mirror
   (You found it on level 3 of the Lair of Beasts)
 f - a condenser vane
   (You found it on level 3 of the Lair of Beasts)


   Skills:
 + Level 16.5 Fighting
 - Level 17.9(18.0) Axes
 - Level 0.5(9.9) Maces & Flails
 - Level 1.0 Throwing
 + Level 13.3 Armour
 - Level 9.4 Dodging
 - Level 9.0 Stealth
 - Level 16.0 Shields
 - Level 3.5 Spellcasting
 - Level 4.8 Fire Magic
 - Level 15.3 Invocations
 - Level 6.1 Evocations


You had 22 spell levels left.
You knew the following spells:

 Your Spells              Type           Power      Damage    Failure   Level
a - Scorch                Fire           34%        2d7       58%         2

Your spell library contained the following spells:

 Spells                   Type           Power      Damage    Failure   Level
 Magic Dart               Conj           8%         1d3       98%         1
 Slow                     Hex            8%         N/A       98%         1
 Ensorcelled Hibernation  Hex/Ice        4%         N/A       99%         2
 Passwall                 Tmut/Erth      1%         N/A       99%         2
 Poisonous Vapours        Pois/Air       4%         N/A       99%         2
 Searing Ray              Conj           4%         2d4       99%         2
 Sublimation of Blood     Necr           2%         N/A       99%         2
 Conjure Flame            Conj/Fire      9%         6-21      99%         3
 Ignite Poison            Fire/Tmut/Pois 7%         N/A       99%         3
 Confusing Touch          Hex            2%         N/A       100%        3
 Dazzling Flash           Conj/Hex       4%         N/A       100%        3
 Frozen Ramparts          Ice            4%         1d1       100%        3
 Ozocubu's Armour         Ice            2%         N/A       100%        3
 Stone Arrow              Conj/Erth      4%         3d7       100%        3
 Swiftness                Air            2%         N/A       100%        3
 Vampiric Draining        Necr           2%         2d6       100%        3
 Animate Armour           Summ/Erth      4%         N/A       100%        4
 Animate Dead             Necr           2%         N/A       100%        4
 Corpse Rot               Necr/Pois/Air  2%         N/A       100%        4
 Flame Wave               Conj/Fire      9%         2d6       100%        4
 Fulminant Prism          Conj/Hex       1%         3d6       100%        4
 Iskenderun's Mystic Bla  Conj/Tloc      2%         2d3       100%        4
 Olgreb's Toxic Radiance  Pois           2%         N/A       100%        4
 Sticky Flame             Conj/Fire      9%         2d3       100%        4
 Silence                  Hex/Air        1%         N/A       100%        5
 Summon Forest            Summ/Tloc      1%         N/A       100%        5
 Simulacrum               Ice/Necr       1%         N/A       100%        6
 Starburst                Conj/Fire      4%         6d4       100%        6
 Summon Cactus Giant      Summ           1%         N/A       100%        6
 Haunt                    Necr/Summ      1%         N/A       100%        7
 Ozocubu's Refrigeration  Ice            1%         4d7       100%        7
 Ignition                 Fire           8%         3d5       100%        8
 Infestation              Necr           1%         N/A       100%        8
 Lehudib's Crystal Spear  Conj/Erth      1%         10d2      100%        8
 Fire Storm               Conj/Fire      4%         8d1       100%        9
 Polar Vortex             Ice            1%         N/A       100%        9


Dungeon Overview and Level Annotations

Branches:
Dungeon (15/15)            Temple (0/1) D:6            Lair (5/5) D:10
  Swamp (4/4) Lair:2        Snake (4/4) Lair:2        Slime (0/5) Lair:4
    Orc (2/2) D:10            Elf (0/3) Orc:2        Vaults (0/5) D:14
 Depths (1/4) D:15

Altars:
Cheibriados
Dithmenos
Elyvilon
Gozag
Okawaru
Trog
Vehumet
Wu Jian
Yredelemnul
Jiyva

Shops:
D:4 =   D:8 *[   D:12 **   Orc:2 !?[([   Snake:2 [   Snake:4 ((:

Portals:
Hell: Depths:1

Annotations:
D:4 1 runed translucent door, Crazy Yiuf
D:8 2 transporters, exclusion: cyclops, night's ghost, novice TrFi
D:9 3 runed translucent doors, diceflayer's ghost, journeyman DsFi
Lair:5 3 runed translucent doors, Lochraine's ghost, journeyman MfGl
Swamp:1 Kirke
Swamp:2 3 runed translucent doors, Roxanne; Suryr's ghost, adept GnHW
Snake:3 2 transporters, p0werm0de's ghost, journeyman MiFi
Snake:4 1 runed translucent door, Flugkiller's ghost, adept MiFi
Orc:2 3 runed translucent doors, rpophessagr's ghost, journeyman HOMo


Message History

Lightning courses through the fire dragon!
You slash something! The fire dragon breathes flames at you.
The blast of flame hits you but does no damage.
Murdo closely misses the fire dragon.
Something hits you. Something bites you but does no damage.
You slice the fire dragon!! You miss something. You block something's attack.
Something bites you but does no damage.
The fire dragon bites you but does no damage.
You block the fire dragon's attack. x2
Murdo hits the fire dragon with a +0 demon trident of draining!!
The fire dragon dies!
Beogh accepts your kill.
Beogh blesses Murdo with healing.
The stone giant completely misses Murdo.
You slice the vampire mage!! You slice something!! Something hits you!
* * * LOW HITPOINT WARNING * * *
Something bites you but does no damage.
Murdo hits the vampire mage with a +0 demon trident of draining!!
The vampire mage is destroyed!
Beogh accepts your kill.
The stone giant throws a large rock.
You block the large rock. You block something's attack.
Something bites you but does no damage.
You hit something but do no damage. Lightning courses through something!!
Something hits you but does no damage. Something bites you but does no damage.
The stone giant throws a large rock.
You block the large rock.
You are too injured to fight recklessly!
You slice the ice dragon!! You barely miss something.
Something draws life force from you.
The stone giant throws a large rock.
The large rock hits you!!
* * * LOW HITPOINT WARNING * * *
Murdo unwields a +0 demon trident of draining.
Murdo wields a +0 arbalest.
Murdo shoots a bolt.
The bolt hits the ice dragon!!
A fire dragon comes into view.
The ice dragon breathes frost at you. The blast of cold hits you!!!
You feel a terrible chill!
* * * LOW HITPOINT WARNING * * *
Blink to where?
As you read the scroll of blinking, it crumbles to dust.
You suddenly lose the ability to move!
Something completely misses the ice dragon.
Something tries to affect you, but you resist.
Something hits the ice dragon!
The stone giant throws a large rock.
The large rock hits you!
* * * LOW HITPOINT WARNING * * *
A bolt appears from out of your range of vision.
The bolt hits the ice dragon!!
The ice dragon breathes frost at you. The blast of cold hits you!!!
You feel a terrible chill!
You die...

........#....≈≈≈. #..
........#....≈≈≈§ .+##..
........#..§.≈≈≈≈ #D..#.
........##.§§§≈≈§
#.#...####+###########..###....§
+.........................####..
#............................###
#...#........)..................
#..C[.C.§...@............####
#..)o..D...............(.#
#..##...####.....##......# ...#.
#...# ##.....##......# [.. .
#.....#......######### .. ..
#.....#......#.......# . ..
#.....#......#.......# ...
#.....#......#.......#
#......'.......#


You could see an ice dragon (catching breath) and a stone giant.

Vanquished Creatures
  2 tentacled monstrosities
  Rupert (D:14)
  2 thorn hunters
  A fenstrider witch (Swamp:3)
  9 nagarajas (Snake:4)
  Louise (Swamp:1)
  2 ghouls (Swamp:1)
  A reaper (Depths:1)
  2 very ugly things (D:15)
  5 eleionomae
  2 bunyips
  2 dire elephants (Swamp:2)
  A shambling mangrove (Swamp:4)
  21 hydras
  A boulder beetle (D:15)
  2 ghost crabs
  An ice dragon (Depths:1)
  A hell beast (Depths:1)
  8 naga warriors
  A centaur warrior (D:14)
  2 anacondas
  6 two-headed ogres
  7 alligators
  2 orc high priests
  5 shock serpents
  2 sun demons (Depths:1)
  15 naga sharpshooters
  A deep elf knight (Swamp:2)
  2 soul eaters (Depths:1)
  4 goliath frogs
  Lodul (D:11)
  4 salamander mystics
  5 sea snakes (Snake:4)
  2 deep trolls (Orc:2)
  14 swamp dragons
  A death drake (Swamp:2)
  2 spriggan druids (Swamp:2)
  A deep elf archer (Swamp:2)
  A glowing orange brain (D:15)
  A naga ritualist (Snake:4)
  A wizard (D:15)
  6 bog bodies
  A flayed ghost (Depths:1)
  A wolf spider (shapeshifter) (D:15)
  An orc sorcerer (Orc:1)
  An oklob plant (D:10)
  10 ugly things
  8 salamanders
  6 will-o-the-wisps
  5 mana vipers
  4 cyclopes
  10 elephants
  2 manticores
  25 black mambas
  6 guardian serpents
  17 naga magi
  7 cane toads
  A gargoyle (D:13)
  A rime drake (shapeshifter) (D:15)
  A rime drake (Lair:4)
  3 komodo dragons
  2 freezing wraiths
  2 bloated husks
  14 trolls
  3 meliai (D:14)
  A polar bear (Lair:3)
  10 tyrant leeches
  9 blink frogs
  4 hornets
  2 dancing weapons (Lair:3)
  2 slime creatures (D:15)
  2 dream sheep (Lair:5)
  6 spriggans
  2 vampires
  A wyvern (D:10)
  32 yaks
  Grum (D:8)
  2 basilisks
  3 hogs (Swamp:1)
  A steam dragon (D:7)
  11 vampire mosquitoes
  35 nagas
  11 swamp worms
  An acid dragon (D:11)
  4 water moccasins
  Duvessa (D:5)
  A hell hound (Swamp:2)
  8 orc warriors
  10 swamp drakes
  An ice beast (D:6)
  3 black bears
  14 ogres
  2 wolves
  6 centaurs
  3 phantoms (D:5)
  9 bullfrogs
  2 gnoll sergeants
  A necrophage (D:6)
  A wyvern zombie (D:5)
  2 scorpions
  3 wights (D:7)
  Dowan (D:5)
  11 killer bees
  4 electric eels
  A vampire bat (Lair:2)
  4 howler monkeys
  3 jellies
  8 hounds
  4 orc priests
  A bullfrog skeleton (D:5)
  2 iguanas
  A scorpion zombie (D:5)
  10 orc wizards
  4 hell rats (Lair:4)
  A hound zombie (D:5)
  19 gnolls
  6 adders
  2 shadow imps
  A dart slug (D:2)
  34 orcs
  9 ball pythons
  9 endoplasms
  4 giant cockroaches
  2 goblins
  7 hobgoblins
  6 jackals
  5 quokkas
  9 bats
  4 frilled lizards
  11 kobolds
  7 rats
679 creatures vanquished.

Vanquished Creatures (collateral kills)
  A tentacled monstrosity (Swamp:4)
  Frances (D:14)
  2 frost giants (Depths:1)
  A nagaraja (Snake:4)
  2 orc warlords
  A balrug (Depths:1)
  A ghoul (Swamp:1)
  An ironbound preserver (D:14)
  A bunyip (Swamp:1)
  2 fire dragons
  4 boulder beetles
  5 ice dragons (Depths:1)
  3 ogre magi
  5 hydras
  4 anacondas
  4 naga warriors
  A centaur warrior (D:14)
  7 two-headed ogres
  A vampire mage (Depths:1)
  2 tengu warriors
  A hell hog (Depths:1)
  A shock serpent (Snake:4)
  A soul eater (Depths:1)
  2 sun demons (Depths:1)
  5 naga sharpshooters
  A spriggan (Swamp:1)
  A hell knight (Depths:1)
  2 goliath frogs
  A sea snake (Snake:4)
  3 naga ritualists (Snake:4)
  An oklob plant (Lair:2)
  2 manticores
  7 ugly things
  2 cyclopes
  3 elephants (Lair:5)
  3 salamanders
  A will-o-the-wisp (Swamp:4)
  3 smoke demons (Depths:1)
  12 black mambas
  3 naga magi
  2 guardian serpents
  18 cane toads
  A rime drake (Lair:5)
  10 komodo dragons
  2 tengu conjurers
  4 trolls
  3 hornets
  A polar bear (Lair:2)
  3 tyrant leeches
  10 blink frogs
  2 slime creatures
  4 dream sheep (Lair:5)
  A vampire (D:12)
  17 yaks
  A wyvern (Lair:5)
  3 hogs (Swamp:1)
  A wraith (D:12)
  4 vampire mosquitoes (Lair:5)
  A steam dragon (Lair:2)
  5 wargs
  5 swamp worms
  14 nagas
  9 water moccasins
  15 orc warriors
  An ice beast (D:8)
  19 ogres
  3 wolves
  A kobold brigand (D:10)
  A gnoll sergeant (D:12)
  8 bullfrogs
  9 killer bees
  2 electric eels (Lair:5)
  4 howler monkeys
  6 orc priests
  An iguana (Lair:2)
  3 orc wizards
  5 gnolls
  10 orcs
  3 bats (Lair:2)
  A butterfly (Lair:1)
317 creatures vanquished.

Vanquished Creatures (others)
  An orc high priest (Swamp:1)
  A naga sharpshooter (Snake:1)
  6 orc priests
  3 orc knights
  3 orc sorcerers
  11 orc warriors
  A bloated husk (Swamp:1)
  2 hogs (Swamp:1)
  A naga (Snake:4)
  8 orc wizards
  28 orcs
  32 foxfires
  30 fungi
  110 plants
  A withered plant (D:5)
238 creatures vanquished.

Grand Total: 1234 creatures vanquished

Notes
Turn   | Place    | Note
-------+----------+-------------------------------------------
     0 | D:1      | Lochraine the Hill Orc Monk began the quest for the Orb.
     0 | D:1      | Reached XP level 1. HP: 19/19 MP: 1/1
   261 | D:1      | Reached XP level 2. HP: 23/27 MP: 2/2
   484 | D:1      | Found a faded altar of an unknown god.
   889 | D:1      | Reached XP level 3. HP: 33/33 MP: 3/3
  1597 | D:2      | Reached skill level 5 in Axes
  1702 | D:2      | Reached XP level 4. HP: 32/40 MP: 4/4
  2800 | D:3      | Reached XP level 5. HP: 41/47 MP: 5/5
  2888 | D:3      | Reached skill level 6 in Axes
  3178 | D:3      | Reached skill level 1 in Armour
  3551 | D:3      | Found a bloodstained altar of Trog.
  3900 | D:3      | Reached XP level 6. HP: 20/53 MP: 6/6
  4557 | D:4      | Found Hualimm's Jewellery Shoppe.
  5827 | D:4      | Reached XP level 7. HP: 47/60 MP: 7/7
  6209 | D:4      | Found a runed translucent door.
  6210 | D:4      | Noticed Crazy Yiuf
  6297 | D:5      | Entered Level 5 of the Dungeon
  6443 | D:5      | Reached skill level 5 in Fighting
  6599 | D:5      | Reached skill level 7 in Axes
  6599 | D:5      | Reached skill level 1 in Throwing
  6823 | D:5      | Reached skill level 5 in Armour
  6823 | D:5      | Reached XP level 8. HP: 68/68 MP: 8/8
  6913 | D:5      | Noticed Duvessa
  6913 | D:5      | Noticed Dowan
  6920 | D:5      | Killed Duvessa
  6923 | D:5      | Killed Dowan
  7006 | D:5      | Learned a level 2 spell: Scorch
  7039 | D:5      | Reached skill level 1 in Fire Magic
  7552 | D:5      | Became a worshipper of Beogh the Brigand
  7552 | D:5      | Reached * piety under Beogh
  7552 | D:5      | Reached ** piety under Beogh
  7861 | D:6      | Found a white marble altar of Elyvilon.
  7875 | D:6      | Reached skill level 1 in Spellcasting
  7885 | D:6      | Reached skill level 1 in Invocations
  8344 | D:6      | Reached XP level 9. HP: 70/75 MP: 8/11
  8386 | D:6      | Found a staircase to the Ecumenical Temple.
  8900 | D:6      | Found a shadowy altar of Dithmenos.
  8924 | D:6      | Found a radiant altar of Vehumet.
  8924 | D:6      | Found an ornate altar of the Wu Jian Council.
  9981 | D:7      | Reached *** piety under Beogh
 10381 | D:8      | Found Fihexiuf's Gadget Gallery.
 10514 | D:8      | Reached XP level 10. HP: 77/84 MP: 15/15
 10549 | D:8      | Found a transporter.
 10563 | D:8      | Reached skill level 5 in Invocations
 10564 | D:8      | Reached skill level 8 in Axes
 10570 | D:8      | Noticed night's ghost (novice TrFi)
 10653 | D:8      | Noticed Grum
 10672 | D:8      | Killed Grum
 10982 | D:8      | Noticed a cyclops
 11012 | D:8      | Found a transporter.
 11014 | D:8      | Found Cheibriados's Comfort Zone.
 11014 | D:8      | Found a snail-covered altar of Cheibriados.
 11192 | D:9      | Found a runed translucent gate.
 11192 | D:9      | Found a runed translucent gate.
 11193 | D:9      | Noticed diceflayer's ghost (journeyman DsFi)
 11208 | D:9      | Noticed a deep elf knight
 11209 | D:9      | Noticed a deep elf pyromancer
 11245 | D:9      | Found a runed translucent gate.
 11415 | D:9      | Reached skill level 5 in Dodging
 11780 | D:10     | Entered Level 10 of the Dungeon
 11892 | D:10     | Noticed an oklob plant
 11896 | D:10     | Killed an oklob plant
 11899 | D:10     | Found a staircase to the Lair.
 11900 | D:10     | Identified the +0 pair of gloves of the Gate {Fly rPois rC-
                  | Regen+}
 11992 | D:10     | Reached skill level 1 in Shields
 12280 | D:10     | Noticed a two-headed ogre
 12285 | D:10     | Killed a two-headed ogre
 12286 | D:10     | Reached skill level 9 in Axes
 12386 | D:10     | Found a staircase to the Orcish Mines.
 12415 | D:10     | Identified the +10 rapier "Murmur" {speed, *Noise rPois rF+
                  | rCorr}
 12850 | Lair:1   | Entered Level 1 of the Lair of Beasts
 12871 | Lair:1   | Reached XP level 11. HP: 94/94 MP: 16/16
 13082 | Lair:1   | Reached skill level 10 in Axes
 13725 | Lair:2   | Identified the +2 cloak "Qaasoubb" {Regen+ Str+4}
 13803 | Lair:2   | Found a staircase to the Snake Pit.
 13880 | Snake:1  | Entered Level 1 of the Snake Pit
 13880 | Snake:1  | You are sucked into a shaft and drop 1 floor!
 14225 | Snake:1  | Noticed a naga warrior
 14225 | Snake:1  | Noticed a salamander
 14227 | Snake:1  | Noticed an anaconda
 14228 | Snake:1  | Noticed a shock serpent
 14334 | Lair:2   | Noticed an oklob plant
 14342 | Lair:2   | Killed an oklob plant
 14464 | Lair:2   | Reached **** piety under Beogh
 14507 | Lair:2   | Reached skill level 11 in Axes
 14510 | Lair:2   | Noticed a five-headed hydra
 14518 | Lair:2   | Killed a five-headed hydra
 14518 | Lair:2   | Gained Morbeogh as an ally
 14621 | Lair:2   | Noticed a six-headed hydra
 14626 | Lair:2   | Killed a seven-headed hydra
 14626 | Lair:2   | Gained Garbold as an ally
 14627 | Lair:2   | Reached XP level 12. HP: 89/104 MP: 10/18
 14685 | Lair:2   | Found a staircase to the Swamp.
 14726 | Lair:2   | Reached skill level 5 in Stealth
 14820 | Lair:2   | Got Sif Muna's Atlas of the Swan
 14861 | Lair:2   | Gained Margrim as an ally
 14864 | Lair:2   | Reached skill level 5 in Shields
 14972 | Lair:2   | Identified a scroll of acquirement
 14972 | Lair:2   | Acquired the +11 broad axe of the Scroll {elec, Stlth+}
 15476 | Lair:3   | You are sucked into a shaft and drop 2 floors!
 15476 | Lair:5   | Entered Level 5 of the Lair of Beasts
 15481 | Lair:5   | Noticed an eight-headed hydra
 15486 | Lair:5   | Killed an eight-headed hydra
 15527 | Lair:5   | Reached skill level 12 in Axes
 15531 | Lair:5   | Reached ***** piety under Beogh
 15557 | Lair:5   | Reached skill level 10 in Fighting
 15725 | Lair:5   | Reached XP level 13. HP: 104/114 MP: 17/20
 15730 | Lair:5   | Reached skill level 10 in Invocations
 15757 | Lair:5   | Reached skill level 13 in Axes
 15900 | Lair:5   | Found a runed translucent gate.
 15900 | Lair:5   | Found a runed translucent gate.
 15900 | Lair:5   | Found a runed translucent gate.
 15920 | Lair:5   | Noticed a minotaur
 15922 | Lair:5   | Noticed Lochraine's ghost (journeyman MfGl)
 16333 | Lair:5   | Got Sif Muna's Compendium of the Translocated Glacier
 16354 | Lair:5   | Was placed under penance by Beogh
 16530 | Lair:5   | Noticed an orc warlord
 16533 | Lair:5   | Killed an orc warlord
 17909 | Lair:4   | Was forgiven by Beogh
 17948 | Lair:4   | Found a viscous altar of Jiyva.
 17948 | Lair:4   | Found a staircase to the Slime Pits.
 18006 | Lair:4   | Reached skill level 14 in Axes
 18087 | Lair:4   | Your ally Ugbert died
 18095 | Lair:4   | Reached XP level 14. HP: 59/125 MP: 9/22
 18299 | Lair:4   | Found a basalt altar of Yredelemnul.
 18466 | Lair:4   | Identified the +1 hat of the Other World {Harm rC++ Regen+
                  | Int+4}
 19165 | D:11     | Got the Omnibus of Beguiling and Congelation
 19349 | D:11     | Noticed Lodul
 19354 | D:11     | Killed Lodul
 19974 | D:12     | Found Tesmosir's General Store.
 19978 | D:12     | Found Huecybo's Specific Store.
 19988 | D:12     | Bought a +0 buckler of cold resistance for 207 gold pieces
 20328 | D:12     | Found an opulent altar of Gozag.
 20824 | Orc:1    | Entered Level 1 of the Orcish Mines
 20836 | Orc:1    | Noticed an orc warlord
 20843 | Orc:1    | Killed an orc warlord
 20882 | Orc:1    | Acquired a +2 buckler of resistance
 21098 | Orc:2    | Entered Level 2 of the Orcish Mines
 21174 | Orc:2    | Found a staircase to the Elven Halls.
 21179 | Orc:2    | Found Qapnah's Antique Armour Shoppe.
 21206 | Orc:2    | Reached skill level 15 in Axes
 21208 | Orc:2    | Reached ****** piety under Beogh
 21209 | Orc:2    | Gained Wardok as an ally
 21297 | Orc:2    | Found Musaerui's Distillery.
 21303 | Orc:2    | Found Ofokhlux's Weapon Shoppe.
 21304 | Orc:2    | Found Buopruv's Magic Scroll Boutique.
 21306 | Orc:2    | Bought a fading tower shield for 361 gold pieces
 21306 | Orc:2    | Identified the +1 tower shield of the Fife {Will- Str+5}
                  | (You bought it in a shop on level 2 of the Orcish Mines)
 21353 | Orc:2    | Bought a scroll of blinking for 127 gold pieces
 21353 | Orc:2    | Bought a scroll of magic mapping for 127 gold pieces
 21361 | Orc:2    | Bought a potion of heal wounds for 65 gold pieces
 21361 | Orc:2    | Bought a potion of haste for 130 gold pieces
 21361 | Orc:2    | Bought a potion of curing for 39 gold pieces
 21361 | Orc:2    | Bought a potion of curing for 39 gold pieces
 21361 | Orc:2    | Bought a potion of curing for 39 gold pieces
 21361 | Orc:2    | Bought a potion of resistance for 130 gold pieces
 21392 | Orc:2    | Found Cim Saewk's Antique Armour Emporium.
 21400 | Orc:2    | Bought a pair of glowing boots for 225 gold pieces
 21400 | Orc:2    | Bought a glowing helmet for 225 gold pieces
 21490 | Orc:2    | Found a runed translucent gate.
 21490 | Orc:2    | Found a runed translucent gate.
 21490 | Orc:2    | Found a runed translucent gate.
 21493 | Orc:2    | Noticed an orc warlord
 21494 | Orc:2    | Noticed rpophessagr's ghost (journeyman HOMo)
 21515 | Orc:2    | Found an iron altar of Okawaru.
 21919 | D:13     | Gained Oruk as an ally
 21998 | D:13     | You are sucked into a shaft and drop 2 floors!
 21998 | D:15     | Entered Level 15 of the Dungeon
 22195 | D:14     | Gained Jorge as an ally
 22307 | D:14     | Reached XP level 15. HP: 135/135 MP: 22/24
 22331 | D:14     | Found a gate to the Vaults.
 22339 | D:14     | Reached skill level 1 in Evocations
 22461 | D:14     | Noticed Rupert
 22468 | D:14     | Killed Rupert
 22822 | D:14     | Found a white marble altar of Elyvilon.
 22829 | D:14     | Noticed Frances
 22834 | D:14     | Your ally Jorge died
 22835 | D:14     | Killed Frances
 23209 | D:15     | Gained Oruk as an ally
 23277 | D:15     | Reached skill level 10 in Armour
 23419 | D:15     | Found a staircase to the Depths.
 23732 | Depths:1 | Entered Level 1 of the Depths
 23966 | Swamp:1  | Entered Level 1 of the Swamp
 23976 | Swamp:1  | Reached skill level 16 in Axes
 24074 | Swamp:1  | Noticed a ghoul
 24074 | Swamp:1  | Noticed a ghoul
 24080 | Swamp:1  | Noticed a ghoul
 24088 | Swamp:1  | Killed a ghoul
 24088 | Swamp:1  | Killed a ghoul
 24096 | Swamp:1  | Killed a ghoul
 24113 | Swamp:1  | Your ally Oruk died
 24258 | Swamp:1  | Identified the +8 tower shield of Beauty {rF+ rN++ Str-4
                  | Stlth+}
 24258 | Swamp:1  | Noticed Louise
 24262 | Swamp:1  | Your ally Garbold died
 24263 | Swamp:1  | Killed Louise
 24345 | Swamp:1  | Noticed Kirke
 24360 | Swamp:1  | Noticed a sphinx
 24373 | Swamp:1  | Your ally Wardok died
 24375 | Swamp:1  | Noticed a sphinx
 24381 | Swamp:1  | Your ally Margrim died
 24384 | Swamp:1  | Your ally Oruk died
 24386 | Swamp:1  | Noticed a sphinx
 24386 | Swamp:1  | Your ally Morbeogh died
 25478 | Swamp:2  | Reached XP level 16. HP: 146/146 MP: 26/26
 25510 | Swamp:2  | Noticed a tentacled monstrosity
 25518 | Swamp:2  | Reached skill level 5 in Evocations
 25524 | Swamp:2  | Killed a tentacled monstrosity
 25811 | Swamp:2  | Found a runed translucent gate.
 25812 | Swamp:2  | Found a runed translucent gate.
 25812 | Swamp:2  | Noticed Suryr's ghost (adept GnHW)
 25813 | Swamp:2  | Found a runed translucent gate.
 25815 | Swamp:2  | Noticed a tentacled monstrosity
 25817 | Swamp:2  | Noticed a fenstrider witch
 25923 | Swamp:2  | Reached skill level 15 in Invocations
 25930 | Swamp:2  | Noticed Roxanne
 26163 | Swamp:3  | Identified the +2 robe "Nuraunk" {Drain rF+ rCorr Dex+8}
 26290 | Swamp:3  | Noticed a thorn hunter
 26300 | Swamp:3  | Killed a thorn hunter
 26357 | Swamp:3  | Gained Bogward as an ally
 26402 | Swamp:3  | Reached skill level 17 in Axes
 26811 | Swamp:3  | Noticed a fenstrider witch
 26819 | Swamp:3  | Killed a fenstrider witch
 26865 | Swamp:4  | Entered Level 4 of the Swamp
 26869 | Swamp:4  | Noticed a tentacled monstrosity
 26883 | Swamp:4  | Killed a tentacled monstrosity
 26919 | Swamp:4  | Noticed a tentacled monstrosity
 26928 | Swamp:4  | Killed a tentacled monstrosity
 27152 | Swamp:4  | Noticed a thorn hunter
 27162 | Swamp:4  | Killed a thorn hunter
 27200 | Swamp:4  | Reached XP level 17. HP: 125/154 MP: 17/28
 27384 | Swamp:4  | Got a decaying rune of Zot
 27451 | Swamp:4  | Reached skill level 10 in Shields
 28100 | Snake:1  | Your ally Bogward died
 28337 | Snake:1  | Gained Murdo as an ally
 29055 | Snake:2  | Found John Lambton's Dragon-Slaying Spoils.
 29827 | Snake:3  | Found a transporter.
 29831 | Snake:3  | Found a bloodstained altar of Trog.
 29845 | Snake:3  | Noticed p0werm0de's ghost (journeyman MiFi)
 30074 | Snake:3  | Found a transporter.
 30479 | Snake:4  | Entered Level 4 of the Snake Pit
 30496 | Snake:4  | Reached skill level 15 in Shields
 30521 | Snake:4  | Reached XP level 18. HP: 135/162 MP: 18/29
 30653 | Snake:4  | Found a runed translucent door.
 30656 | Snake:4  | Noticed Flugkiller's ghost (adept MiFi)
 30773 | Snake:4  | Reached skill level 15 in Fighting
 31104 | Snake:4  | Got a serpentine rune of Zot
 31318 | Snake:4  | Found Zyluaps's Book Emporium.
 31320 | Snake:4  | Found Mohidd's Antique Weapon Shoppe.
 31322 | Snake:4  | Found Eneec's Antique Weapon Emporium.
 31913 | Depths:1 | Found a gateway to Hell.
 32304 | Depths:1 | Identified the +9 triple sword "Kuzyall" {vorpal, rCorr}
 32309 | Depths:1 | Found the +8 lance "Wyrmbane" {slay drac, rPois rF+ rC+
                  | AC+3}
 32584 | Depths:1 | Paralysed by something for 5 turns
 32587 | Depths:1 | Killed from afar by an ice dragon

Illustrated notes

Levels and vault maps discovered:
D:1:      saegor_arrival_simple_c, layout_basic, serial_aquarium,
          aquarium_bridge_square [aquarium_subvault_balcony,
          aquarium_subvault_bridge, aquarium_subvault_window,
          aquarium_subvault_wall], aquarium_window_1, aquarium_window_corner,
          aquarium_window_2, aquarium_window_1, aquarium_view_2d,
          aquarium_view_2a, aquarium_pool_double, basic_ecumenical_altar,
          minmay_cut_off
D:2:      layout_loops_ring, chequers_serial_rivers_micro_e
D:3:      layout_basic, nicolae_overflow_crystal_walls
D:4:      layout_loops_ring, serial_shops, shop, uniq_crazy_yiuf_cottage
D:5:      layout_basic, serial_undead, serial_undead_f, serial_undead_b,
          serial_undead_a, serial_undead_f, uniq_duvessa
D:6:      layout_loops_corners, lemuel_crystal_altar,
          grunt_dithmenos_smoke_and_mirrors, nicolae_overflow_two_pavilions,
          minmay_temple_entry_sparse_star
D:7:      layout_basic, st_stairs_2
D:8:      layout_gridville, gammafunk_ghost_stat_death, minmay_shop_chei,
          nicolae_shop_gadgets, uniq_grum
D:9:      layout_cave_pools, gammafunk_ghost_split
D:10:     layout_roguey, dpeg_oklobed_lair, david_orc_1_choice,
          lemuel_flame_loot_1
D:11:     layout_loops_ring, minmay_mirror_moons_of_madness, uniq_lodul
D:12:     layout_grid_maze, nicolae_specific_store, minmay_holes,
          minmay_misc_feat_x, amethyst_killhole,
          nicolae_gozag_cash_rules_everything_around_me
D:13:     layout_roguey [special_room_bee], uniq_azrael
D:14:     layout_basic, skrybe_vaults_entry_preservation, elyvilon_altar_1,
          uniq_frances, uniq_rupert
D:15:     gammafunk_enter_depths_forms, layout_rooms,
          chequers_serial_rivers_large_b
Lair:1:   layout_regular_city, serial_bayou_shore_a, lemuel_fruit_fields,
          grunt_megastairs_5
Lair:2:   layout_loops_ring, palyth_hydra_swamp_entry,
          minmay_snake_entry_six_corridors, roderic_batcave,
          nicolae_quartered_pool_super
Lair:3:   nzn_winding_woodlands_cross
          [nzn_winding_woodlands_5x15_pathside_ponds,
          nzn_winding_woodlands_5x15_concentric,
          nzn_winding_woodlands_5x15_lazy_stream,
          nzn_winding_woodlands_5x15_garden,
          nzn_winding_woodlands_15x15_eel_pit], layout_hall_layers,
          grunt_forest_stairs_basic
Lair:4:   layout_hall_layers, slime_entry_1, lemuel_centaur_altar
Lair:5:   minmay_lair_end_frog_pond, layout_regular_city, serial_rivers,
          chequers_serial_rivers_small_a, chequers_serial_rivers_small_3,
          chequers_serial_rivers_micro_e, chequers_serial_rivers_marsh,
          chequers_serial_rivers_micro_e, chequers_serial_rivers_micro_b,
          maelrawn_ghost_gauntlet_escape
Swamp:1:  layout_falls_marsh, evilmike_swamp_ruin_house_1, swamp_pool4,
          grunt_hermit_hut, uniq_louise, uniq_kirke
Swamp:2:  layout_falls_marsh, gammafunk_ghost_split,
          evilmike_swamp_ruin_house_6, beargit_elvish_explorers, uniq_roxanne
Swamp:3:  layout_basic_swamp, evilmike_swamp_ruin_wall, swamp_pool5
Swamp:4:  swamp, layout_basic_swamp
Snake:1:  layout_grid_maze
Snake:2:  layout_onion_interference, nicolae_shop_dragon_depot
Snake:3:  layout_cave_pods, gammafunk_ghost_wrathful_warriors,
          grunt_megastairs_1
Snake:4:  grunt_snake_rune_pools, layout_rooms, ebering_ghost_reflecting_pool,
          minmay_shop_star
Orc:1:    layout_diamond_mine, mines2_lemuel
Orc:2:    st_orc_open, layout_diamond_mine, serial_shops, nicolae_shop_trees,
          gammafunk_ghost_fury_of_okawaru
Depths:1: layout_gridville, serial_shops, kennysheep_little_box, hellmouth_2,
          minmay_fractal_squares_diagonal_5

Skill      XL: |  1  2  3  4  5  6  7  8  9 10 11 12 13 14 15 16 17 18 |
---------------+-------------------------------------------------------+-----
Fighting       | 4 5 6 8 9 10 11 13 14 16 | 16.5
Axes           | 5 6 7 9 11 12 14 15 16 17 | 17.9
Stealth        | 2 3 4 6 7 8 9 |  9.0
Dodging        | 3 4 5 6 7 8 9 |  9.4
Armour         | 2 3 5 6 7 8 9 10 11 13 | 13.3
Throwing       | 1 |  1.0
Fire Magic     | 2 4 |  4.8
Spellcasting   | 1 3 |  3.5
Invocations    | 2 4 6 8 9 11 13 14 15 | 15.3
Shields        | 2 4 5 9 15 16 | 16.0
Evocations     | 4 6 |  6.1
Maces & Flails | |  0.5

Action                   |  1- 3 |  4- 6 |  7- 9 | 10-12 | 13-15 | 16-18 || total
-------------------------+-------+-------+-------+-------+-------+-------++-------
Melee: Hand axe          |   121 |   165 |   264 |   241 |       |       ||   791
       Punch             |     1 |     6 |     6 |       |       |       ||    13
       Whip              |       |    70 |       |       |       |       ||    70
       Broad axe         |       |       |       |    62 |   502 |   784 ||  1348
       Unarmed           |       |       |       |       |     2 |       ||     2
Throw: Javelin           |       |     8 |    15 |     2 |    10 |       ||    35
 Cast: Scorch            |       |       |    13 |     6 |       |       ||    19
Invok: Convert to Beogh  |       |       |     1 |       |       |       ||     1
       Smiting           |       |       |       |     8 |    30 |    20 ||    58
       Recall Orcish Fol |       |       |       |     2 |    12 |     7 ||    21
       Stop Recall       |       |       |       |       |     1 |       ||     1
       Give Item to Name |       |       |       |       |       |     1 ||     1
Evoke: Wand              |       |     3 |     3 |     7 |    12 |    12 ||    37
       Condenser vane    |       |       |       |       |     1 |     1 ||     2
  Use: Scroll            |       |     7 |     1 |    15 |    14 |     2 ||    39
       Potion            |       |     3 |       |       |     2 |       ||     5
 Stab: Sleeping          |     5 |     1 |     4 |     1 |     3 |     8 ||    22
       Confused          |       |       |       |     3 |     1 |       ||     4
       Distracted        |       |       |       |     2 |    10 |     7 ||    19
Armor: Robe              |    24 |       |    60 |    90 |    81 |       ||   255
       Ring mail         |     8 |    66 |    14 |       |       |       ||    88
       Chain mail        |       |       |       |       |   164 |   393 ||   557
Dodge: Dodged            |    71 |   123 |   158 |   237 |   324 |   276 ||  1189
Block: Buckler           |       |       |       |    58 |   165 |   166 ||   389
       Tower shield      |       |       |       |       |       |   520 ||   520
